 Dungeon Crawl Stone Soup version 0.30-a0-241-g1121274140 (webtiles) character file.

Game seed: 7298693403579882369

254 NinjaNoafa the Ruffian (level 5, 0/53 HPs)
             Began as a Troll Monk on Oct 10, 2022.
             Slain by an orc
             ... wielding a +2 antimagic hand axe
              (7 damage)
             ... on level 4 of the Dungeon.
             The game lasted 00:03:57 (2012 turns).

NinjaNoafa the Ruffian (Troll Monk)                 Turns: 2012, Time: 00:03:57

Health: 0/53       AC:  4    Str: 19    XL:     5   Next: 90%
Magic:  2/4        EV: 10    Int:  6    God:
Gold:   111        SH:  0    Dex: 14    Spells: 4/4 levels left

rFire   . . .      SeeInvis .      - Unarmed
rCold   . . .      Faith    .    (no shield)
rNeg    . . .      Spirit   .    a - +0 robe
rPois   .          Reflect  .    (helmet restricted)
rElec   .          Harm     .    (no cloak)
rCorr   .          Rampage  .    (gloves unavailable)
Will    .....                    (boots unavailable)
Stlth   ++........               (no amulet)
HPRegen 1.08/turn                (no ring)
MPRegen 0.09/turn                (no ring)

@: mighty, about to teleport
A: large, unfitting armour, claws 3, regeneration 1, shaggy fur 1, tough skin 1
a: no special abilities


You were on level 4 of the Dungeon.
You visited 1 branch of the dungeon, and saw 4 of its levels.

You collected 111 gold pieces.

Inventory:

Missiles
 c - 17 stones (quivered)
Armour
 a - a +0 robe (worn)
Jewellery
 l - an amulet of guardian spirit
Wands
 m - a wand of charming (20)
Scrolls
 e - 4 scrolls of identify
 i - a scroll of teleportation
 n - a scroll of blinking {unknown}
 o - a scroll of fear {unknown}
Potions
 g - 3 potions of might
 j - a potion of resistance {unknown}
 k - a potion of attraction


   Skills:
 - Level 3.0 Fighting
 - Level 2.4 Dodging
 - Level 1.0 Stealth
 + Level 6.3 Unarmed Combat


You had 4 spell levels left.
You didn't know any spells.
Your spell library contained the following spells:

 Spells                   Type           Power      Damage    Failure   Level
 Kindle Blastsparks       Fire/Tloc/Air  0%         2d10      83%         3
 Vhi's Electric Charge    Tloc/Air       0%         N/A       83%         3
 Fulminant Prism          Conj/Hex       0%         3d6       99%         4
 Iskenderun's Mystic Bla  Conj/Tloc      0%         2d3       99%         4
 Arcjolt                  Conj/Air       0%         1d10      100%        5
 Lee's Rapid Deconstruct  Erth           0%         3d5*      100%        5
 Maxwell's Capacitive Co  Air            0%         ∞         100%        8


Dungeon Overview and Level Annotations

Branches:
Dungeon (4/15)
 Temple: D:4-7

Altars:
Makhleb
Yredelemnul


Innate Abilities, Weirdness & Mutations

You are too large for most types of armour.
You have claws for hands.
Your natural rate of healing is unusually fast.
You are covered in fur. (AC +1)
You have tough skin. (AC +1)


Message History

You feel your power leaking away.
You hear some strange, mumbled words.
A puff of flame appears from out of thin air!
The puff of flame hits you!
* * * LOW HITPOINT WARNING * * *
The orc closely misses you.
You feel better. The orc wizard closely misses you.
Something hits you but does no damage. The orc barely misses you.
Something hits you but does no damage. The orc wizard completely misses you.
Things that are here:
a +0 whip; 2 stones It was a potion of magic.
Magic courses through your body.
The orc wizard gestures at you while chanting.
The puff of flame hits you.
* * * LOW HITPOINT WARNING * * *
The orc hits you with a +2 antimagic hand axe.
* * * LOW HITPOINT WARNING * * *
You feel your power leaking away. The orc hits you but does no damage.
As you read the scroll labelled RUXIQA UDUPRY, it crumbles to dust.
It is a scroll of identify.
k - a potion of attraction The orc wizard hits you with a +0 dagger.
* * * LOW HITPOINT WARNING * * *
The orc hits you but does no damage.
The orc wizard attacks as you move away!
The orc wizard hits you with a +0 dagger.
* * * LOW HITPOINT WARNING * * *
As you read the scroll labelled ANATIO NUME, it crumbles to dust.
It is a scroll of amnesia.
You feel forgetful for a moment.
The orc wizard hits you with a +0 dagger.
* * * LOW HITPOINT WARNING * * *
The orc wizard attacks as you move away!
The orc wizard barely misses you.
As you read the scroll labelled YCVANOAGUGG, it crumbles to dust.
You feel strangely unstable.
It was a scroll of teleportation.
The orc wizard closely misses you.
The orc hits you with a +2 antimagic hand axe!
You die...

## #.###......## #.. #..#.<
...#### #.# #####.##.##
#.########.#
......#...###.....#....#
................#...####
######...#........#.....#
.J>....#............###... #
##..o..........## ...
#####.##o)o@.............###
......ooJ#######.....#####
.......)## #..#..>.
.......## #....#### .......
...#... ....... .#...###
....... #...### .......
.......


You could see a jelly, an orc priest, an orc wizard and 3 orcs.

Vanquished Creatures
  A scorpion (D:4)
  An iguana (D:3)
  2 orc wizards (D:4)
  7 adders
  2 worms (D:2)
  3 bats
  7 endoplasms
  A giant cockroach (D:2)
  3 goblins
  4 hobgoblins
  3 jackals (D:1)
  5 kobolds
  4 quokkas
  6 ball pythons
  A frilled lizard (D:1)
  4 rats
54 creatures vanquished.

Notes
Turn   | Place    | Note
-------+----------+-------------------------------------------
     0 | D:1      | NinjaNoafa the Troll Monk began the quest for the Orb.
     0 | D:1      | Reached XP level 1. HP: 22/22 MP: 0/0
    66 | D:1      | Reached XP level 2. HP: 29/29 MP: 1/1
   183 | D:1      | Found Ygyniphix's Distillery.
   647 | D:2      | Reached XP level 3. HP: 33/37 MP: 2/2
   682 | D:2      | Reached skill level 4 in Unarmed Combat
   714 | D:2      | Found a burning altar of Makhleb.
   814 | D:2      | Identified the +1 pair of boots of the Boiling Point {rPois
                  | Dex+3 Stlth+}
   840 | D:2      | Reached XP level 4. HP: 45/45 MP: 3/3
  1397 | D:3      | Reached skill level 5 in Unarmed Combat
  1462 | D:3      | Found a basalt altar of Yredelemnul.
  1475 | D:3      | Reached XP level 5. HP: 51/53 MP: 4/4
  1896 | D:4      | Identified the +4 scale mail "Kiahucwy" {Str+4}
  1993 | D:4      | Reached skill level 6 in Unarmed Combat
  2012 | D:4      | Slain by an orc

Illustrated notes

Levels and vault maps discovered:
D:1:      dpeg_arrival_connections, layout_basic, serial_shops,
          nicolae_shop_advertising_works [nicolae_subvault_shop_adworks]
D:2:      layout_rooms, basic_altar, hangedman_glass_teeth,
          minmay_misc_feat_tiny
D:3:      layout_loops_cross, mainiacjoe_overflow_tiny_flanked, serial_aquarium,
          aquarium_bridge_square [aquarium_subvault_bridge,
          aquarium_subvault_window, aquarium_subvault_bridge,
          aquarium_subvault_bridge], aquarium_bridge_square
          [aquarium_subvault_bridge, aquarium_subvault_bridge,
          aquarium_subvault_bridge, aquarium_subvault_bridge],
          aquarium_window_corridor_1, aquarium_window_1, aquarium_view_2a,
          aquarium_view_2c, aquarium_balcony_5b, aquarium_pool_S,
          chequers_serial_rivers_large_b, minmay_misc_feat_encased,
          grunt_ministairs_8
D:4:      layout_rooms, worldfamousw_hep_ancestral_shrine,
          nicolae_overflow_hidden_temple

Skill      XL: |  1  2  3  4  5 |
---------------+----------------+-----
Fighting       | 3 |  3.0
Unarmed Combat | 4 5 6 |  6.3
Dodging        | |  2.4
Stealth        | |  1.0

Action                   |  1- 3 |  4- 6 || total
-------------------------+-------+-------++-------
Melee: Unarmed           |    69 |    60 ||   129
       Punch             |     3 |       ||     3
  Use: Potion            |       |     5 ||     5
       Scroll            |       |     3 ||     3
 Stab: Sleeping          |     3 |     2 ||     5
Armor: Robe              |    23 |    26 ||    49
Dodge: Dodged            |    40 |    52 ||    92

Table legend: (Time is in decaauts)
 A = Elapsed time spent in this place.
 B = Non-inter-level travel time spent in this place.
 C = Inter-level travel time spent in this place.
 D = Time resting spent in this place.
 E = Time spent auto-exploring this place.
 F = Levels seen in this place.
 G = Mean time per level.
                   A        B        C        D        E       F      G
               +--------+--------+--------+--------+--------+-----+--------+
         Total |   2028 |   1948 |     80 |      0 |   1517 |   4 |  507.0 |
       Dungeon |   2028 |   1948 |     80 |      0 |   1517 |   4 |  507.0 |
               +--------+--------+--------+--------+--------+-----+--------+

Top non-repeatable levels by time:
     D:3: 799 daAuts
     D:1: 634 daAuts
     D:2: 461 daAuts
     D:4: 133 daAuts
